[Event "Titled Tuesday Blitz November 9 2021"]
[White "Gabrielian, Artur"]
[Black "Valner, Uku"]
[WhiteFideId "4131002"]
[BlackFideId "4502205"]
[WhiteElo "2440"]
[BlackElo "2287"]
[Result "1-0"]
[Round "09"]
[TimeControl "180+1"]
[Date "2021.11.09"]
[WhiteClock "0:02:13"]
[BlackClock "0:00:52"]

1. d4 b6 2. c4 Bb7 3. Nc3 Nf6 4. Qc2 c5 5. d5 e6 6. e4 d6 7. Nf3 Nbd7 8. Be2 Be7 9. dxe6 fxe6 10. Ng5 Nf8 11. O-O h6 12. Nh3 Ng6 13. f4 e5 14. Nd5 Nxd5 15. exd5 Nxf4 16. Bxf4 exf4 17. Bh5+ Kd7 18. Nxf4 Kc8 19. Ne6 Qg8 20. Bf7 Qh7 21. Bg6 Qg8 22. Rf7 Bf6 23. Qa4 Kb8 24. Rxb7+ Kxb7 25. Qc6+ Ka6 26. Nc7+ 1-0


[Site "https://www.chess.com"]

[Event "Titled Tuesday Blitz November 9 2021"]
[White "Gaehwiler, Gabriel"]
[Black "Aloma Vidal, Robert"]
[WhiteFideId "1314530"]
[BlackFideId "2260409"]
[WhiteElo "2320"]
[BlackElo "2435"]
[Result "1-0"]
[Round "09"]
[TimeControl "180+1"]
[Date "2021.11.09"]
[WhiteClock "0:00:15"]
[BlackClock "0:00:02"]

1. d4 d5 2. c4 c6 3. Nf3 Nf6 4. Nc3 e6 5. g3 dxc4 6. Bg2 Nbd7 7. a4 a5 8. O-O Be7 9. e4 O-O 10. Bf4 b5 11. axb5 cxb5 12. Nxb5 Bb7 13. Nd2 Rc8 14. Nc3 Bb4 15. Qc2 Re8 16. Rfd1 Qb6 17. e5 Bxg2 18. Kxg2 Qb7+ 19. Kg1 Nd5 20. Nde4 f5 21. exf6 N7xf6 22. Nxf6+ Nxf6 23. Be5 Nd5 24. Rdc1 Rf8 25. Qe2 Qf7 26. Ne4 Qf5 27. Bd6 Rfd8 28. Bc5 e5 29. Bxb4 axb4 30. dxe5 Qxe5 31. Rxc4 Rxc4 32. Qxc4 Qxb2 33. Ra8 Rxa8 34. Qxd5+ Kf8 35. Qxa8+ Kf7 36. Qd5+ Kg6 37. Qe6+ Kh5 38. Qf5+ Kh6 39. Qg5# 1-0


[Site "https://www.chess.com"]

[Event "Titled Tuesday Blitz November 9 2021"]
[White "Gelman, Alexander"]
[Black "Afanasiev, Nikita"]
[WhiteFideId "4118316"]
[BlackFideId "24183555"]
[WhiteElo "2375"]
[BlackElo "2577"]
[Result "0-1"]
[Round "09"]
[TimeControl "180+1"]
[Date "2021.11.09"]
[WhiteClock "0:00:06"]
[BlackClock "0:00:15"]

1. d4 a6 2. e4 e6 3. Nc3 d5 4. Nf3 Nf6 5. e5 Nfd7 6. Ne2 c5 7. c3 b5 8. Nf4 Nc6 9. Bd3 Bb7 10. h4 Qe7 11. Be3 O-O-O 12. dxc5 Nxc5 13. a4 Nxa4 14. Rxa4 bxa4 15. Qxa4 d4 16. Nxd4 Nxe5 17. Bxa6 Bxa6 18. Qxa6+ Qb7 19. Qa4 Bc5 20. O-O Rd7 21. Ra1 Rhd8 22. b4 Bxd4 23. Bxd4 Nc6 24. Bc5 e5 25. b5 Ne7 26. Nh5 Nf5 27. c4 Nxh4 28. f3 Rd2 29. Bf2 Nxf3+ 30. gxf3 Qxf3 31. Qa8+ Qxa8 32. Rxa8+ Kb7 33. Rxd8 Rxd8 34. Nxg7 Rg8 35. c5 Rxg7+ 36. Kf1 e4 37. c6+ Kc7 38. Bd4 Rg5 0-1


[Site "https://www.chess.com"]

[Event "Titled Tuesday Blitz November 9 2021"]
[White "Grachev, Boris"]
[Black "Weetik, Vjacheslav"]
[WhiteFideId "4129199"]
[BlackFideId "4153472"]
[WhiteElo "2555"]
[BlackElo "2469"]
[Result "0-1"]
[Round "09"]
[TimeControl "180+1"]
[Date "2021.11.09"]
[WhiteClock "0:00:04"]
[BlackClock "0:00:06"]

1. Nf3 Nf6 2. d4 g6 3. c3 Bg7 4. Bf4 O-O 5. h3 d6 6. Nbd2 Nc6 7. e4 e5 8. dxe5 dxe5 9. Be3 Nh5 10. Qc2 Qe7 11. Nb3 b6 12. Bc4 Nf4 13. Bxf4 exf4 14. Bd5 Bd7 15. O-O Rad8 16. Nbd4 Ne5 17. Nxe5 Bxe5 18. Nf3 Bg7 19. Rad1 h6 20. Rfe1 Qc5 21. Bb3 Bc6 22. Rxd8 Rxd8 23. Rd1 Rd6 24. Rxd6 Qxd6 25. Qe2 b5 26. e5 Qe7 27. e6 fxe6 28. Ne5 Be8 29. Qe4 Kh7 30. Nf3 e5 31. h4 c5 32. h5 Qf6 33. Qd5 c4 34. Bc2 Kh8 35. Qa8 Qf8 36. hxg6 Qe7 37. Be4 Bf8 38. Qb8 Kg7 39. Nxe5 a6 40. f3 h5 41. Kf1 a5 42. a3 h4 43. Bc6 Bxc6 44. Nxc6 Qf6 45. Qe5 Kxg6 46. Qe4+ Kg5 47. Nd4 Bg7 48. Ne6+ Kh6 49. Qxf4+ Qxf4 50. Nxf4 Be5 51. Nd5 Kg5 52. Ke2 Kf5 53. a4 bxa4 54. Ne3+ Kf4 55. Nxc4 Bc7 56. Kf2 Bd8 57. Kf1 Bc7 58. Ke2 Kg3 59. Kf1 Kf4 60. Kf2 Bd8 61. Nd2 Bb6+ 62. Ke2 Kg3 63. Kf1 Kf4 64. Ke2 Kg3 65. Kf1 Kf4 66. c4 Bd4 67. c5 Bxc5 68. Nc4 Bb4 69. Ke2 Kg3 70. Kf1 Kf4 71. Kf2 Bc5+ 72. Ke2 Bd4 73. Nxa5 Bxb2 74. Nc4 a3 75. Nxa3 Bxa3 76. Kf2 Bc5+ 77. Kf1 Kg3 78. f4 Kxf4 79. g4 Kg3 80. g5 h3 81. g6 h2 82. g7 h1=Q+ 0-1


[Site "https://www.chess.com"]

[Event "Titled Tuesday Blitz November 9 2021"]
[White "Hansen, Eric"]
[Black "Piesik, Piotr"]
[WhiteFideId "2606771"]
[BlackFideId "1136194"]
[WhiteElo "2568"]
[BlackElo "2336"]
[Result "1/2-1/2"]
[Round "09"]
[TimeControl "180+1"]
[Date "2021.11.09"]
[WhiteClock "0:00:04"]
[BlackClock "0:00:12"]

1. e4 g6 2. d4 Bg7 3. Nc3 c6 4. f4 d5 5. e5 Nh6 6. Be3 Ng4 7. Qd2 h5 8. Nf3 Nxe3 9. Qxe3 Bg4 10. Be2 Bxf3 11. Bxf3 e6 12. O-O-O Nd7 13. g3 Qa5 14. Kb1 O-O-O 15. Ne2 c5 16. c4 cxd4 17. Rxd4 Nb6 18. cxd5 Nxd5 19. Qd3 h4 20. Rc1+ Kb8 21. Bxd5 Rxd5 22. Rxd5 Qxd5 23. Qxd5 exd5 24. Rd1 hxg3 25. hxg3 f6 26. e6 f5 27. Rxd5 Re8 28. Rd7 Bf6 29. Rd6 Kc7 30. Rd7+ Kc6 31. Rf7 Rxe6 32. Nc1 Bd4 33. Nd3 Re3 34. Kc2 Rxg3 35. a4 a5 36. Re7 b6 37. b3 Rg2+ 38. Kc1 g5 39. fxg5 Rxg5 40. Kd2 Rg2+ 41. Kd1 Bc3 42. Kc1 Bd4 43. Kd1 Rg3 44. Kd2 Kd5 45. Re8 Rg2+ 46. Kd1 Ra2 47. Nf4+ Kc6 48. Re6+ Kc5 49. Nd3+ Kd5 50. Re8 Bc3 51. Nf4+ Kc5 52. Rc8+ Kb4 53. Nd5+ Kxb3 54. Rxc3+ Kxa4 55. Nxb6+ Kb5 56. Nd5 a4 57. Kc1 Rf2 58. Kb1 f4 59. Rc8 f3 60. Nc3+ Kb4 61. Nd5+ Kb5 62. Nc3+ Kb4 63. Nd5+ Kb5 1/2-1/2


[Site "https://www.chess.com"]

[Event "Titled Tuesday Blitz November 9 2021"]
[White "Hjartarson, Johann"]
[Black "Rustemov, Alexander"]
[WhiteFideId "2300044"]
[BlackFideId "4119002"]
[WhiteElo "2502"]
[BlackElo "2780"]
[Result "0-1"]
[Round "09"]
[TimeControl "180+1"]
[Date "2021.11.09"]
[WhiteClock "0:00:04"]
[BlackClock "0:00:16"]

1. e4 e6 2. d4 d5 3. e5 c5 4. c3 Qb6 5. Nf3 Bd7 6. Bd3 cxd4 7. Nxd4 Ne7 8. O-O Nbc6 9. Nxc6 Nxc6 10. Qe2 Qc7 11. f4 Bc5+ 12. Kh1 h5 13. b4 Bb6 14. Na3 a6 15. Bd2 g6 16. c4 Ne7 17. Rac1 Qd8 18. Rfd1 Rc8 19. cxd5 exd5 20. Rxc8 Bxc8 21. Rc1 O-O 22. Nc2 Bg4 23. Qe1 Bf5 24. Qe2 Qd7 25. Ne1 Rc8 26. Bxf5 Nxf5 27. Rxc8+ Qxc8 28. Qd3 Qc4 29. Qxc4 dxc4 30. Nc2 Bd4 31. g3 b5 32. Kg2 Kf8 33. Kf3 Ke7 34. h3 Bb6 35. g4 hxg4+ 36. hxg4 Nd4+ 37. Nxd4 Bxd4 38. Ke4 Bb2 39. Be3 f6 40. Bc5+ Kf7 41. exf6 Bxf6 42. Kd5 Ba1 43. Ke4 Ke6 44. Be3 Bc3 45. Bc5 Bd2 46. Bf8 a5 47. bxa5 Bxa5 48. f5+ gxf5+ 49. gxf5+ Kf6 50. Bc5 Bd2 51. Bd4+ Kg5 52. f6 Kg6 53. Be5 Bg5 54. Bf4 Bxf4 0-1


[Site "https://www.chess.com"]

[Event "Titled Tuesday Blitz November 9 2021"]
[White "Holt, Conrad"]
[Black "Libiszewski, Fabien"]
[WhiteFideId "2034387"]
[BlackFideId "616834"]
[WhiteElo "2586"]
[BlackElo "2440"]
[Result "1-0"]
[Round "09"]
[TimeControl "180+1"]
[Date "2021.11.09"]
[WhiteClock "0:00:14"]
[BlackClock "0:00:01"]

1. d4 Nf6 2. c4 g6 3. Nc3 Bg7 4. e4 d6 5. Nf3 O-O 6. h3 Nbd7 7. Bg5 e5 8. Bd3 h6 9. Be3 exd4 10. Nxd4 Nc5 11. O-O Re8 12. f3 Nh5 13. Bc2 c6 14. Qd2 Qh4 15. Nde2 Be6 16. Bf2 Qe7 17. g4 Nf6 18. b3 Rad8 19. Rfe1 h5 20. Bd4 hxg4 21. hxg4 Nxg4 22. fxg4 Bxg4 23. Bxg7 Kxg7 24. Qd4+ f6 25. e5 f5 26. exd6+ Qf6 27. Qxf6+ Kxf6 28. Rad1 a5 29. Kf2 Rh8 30. Rh1 Rxh1 31. Rxh1 Rxd6 32. Rd1 Rxd1 33. Nxd1 Ke5 34. Ndc3 Bxe2 35. Nxe2 g5 36. Ke3 Ne6 37. Bd1 g4 38. Nc1 f4+ 39. Kd2 f3 40. Ke3 Nc5 41. a3 Kf5 42. b4 axb4 43. axb4 Na6 44. Bc2+ Kg5 45. Nd3 Kh4 46. Kf2 Nc7 47. Ne5 Kg5 48. Kg3 Ne6 49. Nxg4 Nd4 50. Bd1 Ne2+ 51. Kxf3 Nd4+ 52. Ke4 Ne6 53. Ne3 Kf6 54. Bc2 Ng5+ 55. Kd3 Ne6 56. Kc3 Ke7 57. Nd1 Kd6 58. Nb2 Nf4 59. Nd3 Ne2+ 60. Kd2 Nd4 61. Bd1 b6 62. Kc3 Ne6 63. Bg4 Ng5 64. Kd4 Nf7 65. c5+ bxc5+ 66. bxc5+ Kc7 67. Ne5 Nd8 68. Kc4 Nb7 69. Bf3 Nd8 70. Kd4 Ne6+ 71. Kc4 Nd8 72. Nd3 Ne6 73. Bg4 Nd8 74. Nb4 Nb7 75. Bf3 Nd8 76. Kc3 Kd7 77. Kd4 Kc7 78. Kc4 Kd7 79. Bg4+ Kc7 80. Nc2 Nb7 81. Nd4 Na5+ 82. Kb4 Nb7 83. Ne6+ Kd7 84. Bh3 Kc8 85. Nd4+ Kc7 86. Bg2 Nd8 87. Bf3 Kb7 88. Nxc6 Nxc6+ 89. Kb5 1-0


[Site "https://www.chess.com"]

[Event "Titled Tuesday Blitz November 9 2021"]
[White "Ibrahimli, Murad"]
[Black "Makhnev, Denis"]
[WhiteFideId "13410229"]
[BlackFideId "13707647"]
[WhiteElo "2109"]
[BlackElo "2537"]
[Result "0-1"]
[Round "09"]
[TimeControl "180+1"]
[Date "2021.11.09"]
[WhiteClock "0:00:07"]
[BlackClock "0:00:04"]

1. d4 d5 2. Nf3 Nf6 3. c4 e6 4. Nc3 Be7 5. Bg5 O-O 6. cxd5 Nxd5 7. Bxe7 Qxe7 8. Rc1 Rd8 9. Nxd5 exd5 10. g3 Bf5 11. Bg2 Be4 12. O-O c6 13. Bh3 Bxf3 14. exf3 Nd7 15. Qb3 Nb6 16. Qd3 Nc4 17. b3 Nd6 18. Rfe1 Qf6 19. Re5 a5 20. a4 g6 21. Rce1 Ra6 22. Qc3 Rb6 23. R1e3 Rb4 24. Qc5 Kg7 25. Kg2 h6 26. Rd3 Ra8 27. Qc3 Rd8 28. Qe1 b5 29. axb5 Nxb5 30. Qe3 Rb8 31. Bd7 Rd8 32. Be8 Nc7 33. Rc3 Nxe8 34. Rxe8 Rxe8 35. Qxe8 Qe6 36. Qa8 Rxd4 37. Qxa5 Qe1 38. Rc5 Qxa5 39. Rxa5 Rb4 40. Rc5 Rb6 41. f4 Kf6 42. Rc3 Ke6 43. Kf3 d4 44. Rc5 Kd6 45. Rc4 Kd5 46. Ra4 Rxb3+ 47. Kg4 f5+ 48. Kh4 d3 49. Ra8 Kc4 50. Rd8 Rb5 51. Rd6 Rc5 52. Rxc6 Rxc6 0-1


[Site "https://www.chess.com"]

[Event "Titled Tuesday Blitz November 9 2021"]
[White "Kamsky, Gata"]
[Black "Vakhlamov, Igor L."]
[WhiteFideId "2000024"]
[BlackFideId "24126748"]
[WhiteElo "2645"]
[BlackElo "2416"]
[Result "1-0"]
[Round "09"]
[TimeControl "180+1"]
[Date "2021.11.09"]
[WhiteClock "0:01:15"]
[BlackClock "0:00:02"]

1. e4 c5 2. Nc3 Nc6 3. Bc4 e6 4. a3 g6 5. d3 Bg7 6. Ba2 Nge7 7. Nf3 d5 8. O-O O-O 9. Re1 b6 10. e5 h6 11. Ne2 Bb7 12. d4 cxd4 13. Nexd4 Nxd4 14. Nxd4 Nc6 15. Bf4 Nxd4 16. Qxd4 Rc8 17. c3 Qh4 18. Qd2 Rfd8 19. Rad1 Kh7 20. Bb1 Rc4 21. Bg3 Qg5 22. f4 Qe7 23. Bd3 Rc7 24. Bf2 Qe8 25. Bd4 Bc6 26. Re3 Ba4 27. Rde1 Bb5 28. Bb1 Kg8 29. g4 Bd7 30. Rg3 Rc6 31. f5 exf5 32. gxf5 Kh8 33. e6 fxe6 34. Qxh6+ 1-0


[Site "https://www.chess.com"]

[Event "Titled Tuesday Blitz November 9 2021"]
[White "Khanin, Semen"]
[Black "Svane, Rasmus"]
[WhiteFideId "4111990"]
[BlackFideId "4657101"]
[WhiteElo "2442"]
[BlackElo "2643"]
[Result "0-1"]
[Round "09"]
[TimeControl "180+1"]
[Date "2021.11.09"]
[WhiteClock "0:00:03"]
[BlackClock "0:00:19"]

1. e4 c6 2. Nf3 d5 3. d3 Bg4 4. h3 Bh5 5. g4 Bg6 6. h4 h6 7. Nbd2 e6 8. Qe2 Bd6 9. Bg2 Na6 10. a3 Ne7 11. h5 Bh7 12. b3 e5 13. Bb2 Qc7 14. g5 O-O-O 15. b4 f5 16. Bh3 Rhf8 17. O-O-O Rde8 18. Kb1 Nb8 19. Rhg1 Nd7 20. gxh6 gxh6 21. Rg7 Bg8 22. Nh4 Be6 23. Ng6 Nxg6 24. hxg6 Qd8 25. Qh5 Qg5 26. Qxg5 hxg5 27. exf5 Bxf5 28. Bxf5 Rxf5 29. Rh1 Bf8 30. Rg8 Nf6 31. Rgh8 Kd7 32. Nb3 b6 33. Bc1 Ke6 34. f3 Bg7 35. Rxe8+ Nxe8 36. Rg1 Kf6 37. Nd2 Kxg6 38. Nb3 Bf6 39. d4 exd4 40. Rd1 Rxf3 41. Nxd4 Bxd4 42. Rxd4 Nd6 43. Rg4 Ne4 44. a4 Kf5 45. Kb2 Kxg4 0-1


[Site "https://www.chess.com"]

[Event "Titled Tuesday Blitz November 9 2021"]
[White "Kobalia, Mikhail"]
[Black "Hakobyan, Aram"]
[WhiteFideId "4119150"]
[BlackFideId "13306677"]
[WhiteElo "2543"]
[BlackElo "2557"]
[Result "0-1"]
[Round "09"]
[TimeControl "180+1"]
[Date "2021.11.09"]
[WhiteClock "0:00:07"]
[BlackClock "0:00:20"]

1. e4 e5 2. Nf3 Nc6 3. Bb5 Bc5 4. c3 Nge7 5. d4 exd4 6. cxd4 Bb4+ 7. Bd2 Bxd2+ 8. Qxd2 a6 9. Ba4 d5 10. exd5 Nxd5 11. Bxc6+ bxc6 12. O-O O-O 13. Nc3 Be6 14. Ne5 Nxc3 15. Qxc3 Bd5 16. Nxc6 Qg5 17. Qg3 Qf6 18. Nb4 Be4 19. Rfe1 Qxd4 20. Qc3 Qxc3 21. bxc3 Rfe8 22. f3 Bb7 23. Rxe8+ Rxe8 24. Rd1 a5 25. Nd5 h5 26. Nxc7 Re5 27. Rd8+ Kh7 28. Rb8 Bc6 29. Rb6 Rc5 30. Ra6 a4 31. Ra7 Rxc3 32. h4 Rc1+ 33. Kh2 Rc2 34. Kg3 Rxa2 35. Ra5 g6 36. Rc5 Bd7 37. Nd5 Be6 38. Nf4 Bb3 39. Rc7 Rc2 40. Ra7 Kg7 41. Nh3 Ra2 42. Ng5 a3 43. Ne4 Ra1 44. Nd2 Be6 45. Ne4 a2 46. Nc3 Rc1 0-1


[Site "https://www.chess.com"]

[Event "Titled Tuesday Blitz November 9 2021"]
[White "Lazavik, Denis"]
[Black "Tari, Aryan"]
[WhiteFideId "13515110"]
[BlackFideId "1510045"]
[WhiteElo "2436"]
[BlackElo "2656"]
[Result "0-1"]
[Round "09"]
[TimeControl "180+1"]
[Date "2021.11.09"]
[WhiteClock "0:00:01"]
[BlackClock "0:00:14"]

1. d4 d5 2. c4 e6 3. Nf3 Nf6 4. Nc3 Nbd7 5. Bg5 h6 6. Bh4 Be7 7. e3 O-O 8. Qc2 c6 9. Rc1 b6 10. cxd5 cxd5 11. Bd3 Bb7 12. O-O a6 13. Bg3 b5 14. a4 b4 15. Ne2 Rc8 16. Qb3 Qa5 17. Nd2 Ne4 18. Bxe4 dxe4 19. Nf4 Nb6 20. Nc4 Qxa4 21. Qxa4 Nxa4 22. Ne2 Bd5 23. b3 Bxc4 24. bxc4 Nb2 25. c5 a5 26. Rc2 Nd3 27. Ra1 b3 28. Rc3 b2 29. Rb1 e5 30. Bxe5 Nxe5 31. dxe5 Rxc5 32. Rxc5 Bxc5 33. Rxb2 Rd8 34. g4 a4 35. Rb5 Be7 36. Ra5 a3 37. Nc3 Rd2 38. Nxe4 Rc2 39. Kg2 Bb4 40. Ra8+ Kh7 41. Nd6 a2 42. Nb5 Rb2 43. Kf3 Be1 44. Nd4 Bc3 45. Ne2 Rxe2 46. Kxe2 a1=Q 0-1


[Site "https://www.chess.com"]

[Event "Titled Tuesday Blitz November 9 2021"]
[White "Maly, Alexey"]
[Black "Salinas Herrera, Pablo"]
[WhiteFideId "14103184"]
[BlackFideId "3407128"]
[WhiteElo "2294"]
[BlackElo "2541"]
[Result "1/2-1/2"]
[Round "09"]
[TimeControl "180+1"]
[Date "2021.11.09"]
[WhiteClock "0:00:31"]
[BlackClock "0:00:09"]

1. d4 d5 2. c4 e6 3. Nf3 a6 4. e3 Nf6 5. Nbd2 b6 6. Bd3 Bb7 7. O-O Nbd7 8. Qe2 Bd6 9. e4 dxe4 10. Nxe4 Nxe4 11. Bxe4 Bxe4 12. Qxe4 O-O 13. b3 Re8 14. Bb2 a5 15. Rad1 a4 16. Qb1 axb3 17. axb3 Qc8 18. Rd3 Qb7 19. Rfd1 Be7 20. h3 Bf6 21. R3d2 b5 22. Qc2 bxc4 23. bxc4 Ra2 24. Ra1 Rxa1+ 25. Bxa1 c5 26. Bc3 cxd4 27. Bxd4 Rc8 28. Bxf6 Nxf6 29. Ne5 Qc7 30. Qd3 h6 31. Qd4 Qa5 32. Rd3 Qc7 33. Rd1 Qa5 34. Kh2 Qb4 35. Rd2 Qb8 36. g3 Qc7 37. Rd3 h5 38. Kg2 Qa5 39. Rf3 Qc7 40. g4 Rd8 41. Qe3 hxg4 42. hxg4 Rf8 43. g5 Nd7 44. Nxd7 Qxd7 45. g6 fxg6 46. Rxf8+ Kxf8 47. c5 Qd5+ 48. f3 Ke7 49. Qa3 Kf6 50. Qc3+ Qe5 51. Qc4 Qb2+ 52. Kh3 Qe5 53. c6 Qc7 54. f4 Kf7 55. Kg4 Ke7 56. Qc5+ Kf6 57. Qe5+ Qxe5 58. fxe5+ Ke7 59. Kg5 Kd8 60. Kxg6 Kc7 61. Kf7 g5 62. Kxe6 g4 63. Kf7 g3 64. e6 g2 65. e7 g1=Q 66. e8=Q Qf2+ 67. Kg6 Qg3+ 68. Kf6 Qf3+ 69. Kg7 Qxc6 70. Qxc6+ Kxc6 1/2-1/2


[Site "https://www.chess.com"]

[Event "Titled Tuesday Blitz November 9 2021"]
[White "Mammadov, Zaur"]
[Black "Sjugirov, Sanan"]
[WhiteFideId "13401033"]
[BlackFideId "4189302"]
[WhiteElo "2417"]
[BlackElo "2653"]
[Result "1-0"]
[Round "09"]
[TimeControl "180+1"]
[Date "2021.11.09"]
[WhiteClock "0:00:16"]
[BlackClock "0:00:02"]

1. e4 c5 2. c3 Nf6 3. e5 Nd5 4. Nf3 Nc6 5. d4 cxd4 6. cxd4 d6 7. Bc4 Nb6 8. Bb5 a6 9. Bxc6+ bxc6 10. Qc2 dxe5 11. Nxe5 f6 12. Nf3 Qd6 13. O-O Bg4 14. Nbd2 e6 15. Re1 Be7 16. Qe4 Bf5 17. Qe2 Kf7 18. Nh4 Bg6 19. Nb3 Qd5 20. Bd2 Bh5 21. g4 Bg6 22. Rac1 Nd7 23. Ng2 Bd6 24. Bf4 Rhe8 25. Ne3 Bxf4 26. Nxd5 exd5 27. Qf3 Bxc1 28. Rxc1 Rac8 29. h4 h5 30. gxh5 Be4 31. Qg4 Re7 32. Na5 c5 33. f3 Bh7 34. Kf2 Rce8 35. Kg3 c4 36. Nb7 Re6 37. Qf4 Kg8 38. b3 Bd3 39. Nd6 R8e7 40. bxc4 dxc4 41. Nxc4 Nf8 42. d5 Re2 43. d6 R7e6 44. Qd4 Bf5 45. d7 Nxd7 46. Qxd7 Kh7 47. Qd5 g6 48. Nd6 R6e5 49. Rc7+ Kh6 50. Nf7+ Kxh5 51. Nxe5 1-0


[Site "https://www.chess.com"]

[Event "Titled Tuesday Blitz November 9 2021"]
[White "Manafov, Vugar"]
[Black "Rozman, Levy"]
[WhiteFideId "13410814"]
[BlackFideId "2039877"]
[WhiteElo "2277"]
[BlackElo "2376"]
[Result "1-0"]
[Round "09"]
[TimeControl "180+1"]
[Date "2021.11.09"]
[WhiteClock "0:01:09"]
[BlackClock "0:00:18"]

1. d4 Nf6 2. c4 e6 3. Nf3 d5 4. Nc3 dxc4 5. e3 a6 6. Bxc4 b5 7. Bd3 Bb7 8. O-O c5 9. Qe2 Be7 10. Rd1 Qc7 11. a3 Nbd7 12. Bc2 O-O 13. h3 Rfd8 14. Bd2 Rac8 15. Be1 Qb8 16. dxc5 Nxc5 17. Nd4 Nce4 18. Nxe4 Bxe4 19. Bxe4 Nxe4 20. Rac1 Rxc1 21. Rxc1 Qb7 22. Nc6 Re8 23. Nxe7+ Qxe7 24. f3 Nf6 25. Bb4 Qb7 26. e4 a5 27. Bd6 Rc8 28. Rxc8+ Qxc8 29. Qxb5 h5 30. Qb8 Qxb8 31. Bxb8 a4 32. Kf2 Kf8 33. Ke3 Ke7 34. Kd3 Nd7 35. Bh2 Nc5+ 36. Kc4 Nb3 37. Bf4 f6 38. Kb4 e5 39. Be3 Kd6 40. Kxa4 Na1 41. Bf2 1-0


[Site "https://www.chess.com"]

[Event "Titled Tuesday Blitz November 9 2021"]
[White "Martinez Alcantara, Jose Eduardo"]
[Black "Grischuk, Alexander"]
[WhiteFideId "3805662"]
[BlackFideId "4126025"]
[WhiteElo "2690"]
[BlackElo "2757"]
[Result "1/2-1/2"]
[Round "09"]
[TimeControl "180+1"]
[Date "2021.11.09"]
[WhiteClock "0:00:08"]
[BlackClock "0:00:04"]

1. e4 c6 2. d4 d5 3. e5 Bf5 4. h4 h5 5. Bd3 Bxd3 6. Qxd3 e6 7. Nf3 Qa5+ 8. Nbd2 Qa6 9. c4 Nh6 10. O-O Nf5 11. Rd1 Nd7 12. b3 c5 13. Qb1 Nb6 14. a4 dxc4 15. dxc5 Nd5 16. Ne4 c3 17. Bg5 Rc8 18. Rxd5 exd5 19. Nd6+ Nxd6 20. exd6 Bxd6 21. cxd6 Qxd6 22. Qd3 O-O 23. Rc1 d4 24. Nxd4 Rfd8 25. Be3 Qa3 26. Qc2 Qb2 27. Kf1 g6 28. Ke2 Qa3 29. Rd1 a6 30. g3 Rd5 31. Rc1 Qd6 32. Nf3 b5 33. axb5 axb5 34. Ng5 b4 35. Kf1 Qe5 36. Kg2 Qf5 37. Qxf5 Rxf5 38. Nf3 Rd5 39. Nd4 Rcd8 40. Nc6 Re8 41. Nxb4 Rb5 42. Na2 Rxb3 43. Nxc3 Rc8 44. Ne2 Rxc1 45. Nxc1 Ra3 46. Ne2 Ra2 47. Nf4 Ra5 48. Kf3 Rb5 49. Nd3 Ra5 50. Ke4 Rb5 51. Bd4 Ra5 52. Ke3 Rb5 53. Bc3 Rb3 54. Bd4 Rb5 55. Nc5 Ra5 56. Ne4 Ra3+ 57. Ke2 Ra4 58. Nf6+ Kf8 59. Ke3 Ra3+ 60. Ke4 Ra4 61. f3 Ra6 62. g4 hxg4 63. fxg4 Ra4 64. Nd5 Ra2 65. Nf4 Rh2 66. h5 gxh5 67. gxh5 Kg8 68. Kf5 Kh7 69. Kg4 Rh1 70. Bc5 Rh2 71. Be3 Rb2 72. Nh3 Rb4+ 73. Bf4 f6 74. Kf5 Rb5+ 75. Kg4 Ra5 76. Ng1 Ra4 77. Nf3 Ra5 78. Nd4 Ra4 79. Nb5 Rb4 80. Nc7 Ra4 81. Nd5 Kg7 82. Kf5 Ra5 83. Ke4 Ra4+ 84. Kf5 Ra5 85. Ke6 Ra6+ 86. Ke7 Ra7+ 87. Nc7 Rxc7+ 88. Bxc7 Kh6 89. Kxf6 Kxh5 1/2-1/2


[Site "https://www.chess.com"]

[Event "Titled Tuesday Blitz November 9 2021"]
[White "Mihok, Oliver"]
[Black "Djordjevic, Vuk"]
[WhiteFideId "728012"]
[BlackFideId "902098"]
[WhiteElo "2376"]
[BlackElo "2463"]
[Result "0-1"]
[Round "09"]
[TimeControl "180+1"]
[Date "2021.11.09"]
[WhiteClock "0:00:01"]
[BlackClock "0:00:04"]

1. Nf3 Nf6 2. g3 e6 3. Bg2 d5 4. O-O Be7 5. b3 O-O 6. c4 c6 7. Bb2 a5 8. d3 b6 9. a3 Ba6 10. Nbd2 Ra7 11. Rc1 Nbd7 12. Rc2 b5 13. Nd4 Nb8 14. cxb5 cxb5 15. Qa1 Rc7 16. Rfc1 Rxc2 17. Rxc2 Qd7 18. Qc1 Bd6 19. h4 Rc8 20. Rxc8+ Bxc8 21. Nxb5 Be7 22. a4 Ba6 23. Nf3 Bxb5 24. Ne5 Qb7 25. axb5 Qxb5 26. Qc7 Nfd7 27. Qc8+ Nf8 28. Bc3 f6 29. Nf3 Nc6 30. Bh3 Kf7 31. Nd4 Nxd4 32. Bxd4 Qxb3 33. Qc7 Qb4 34. Bc3 Qb1+ 35. Kg2 a4 36. Bd4 Qb4 37. Qa7 a3 38. e3 Qb5 39. Bg4 Nd7 40. Bh5+ g6 41. Be2 Nb8 42. Bf3 Nc6 43. Qa8 Nb8 0-1


[Site "https://www.chess.com"]

[Event "Titled Tuesday Blitz November 9 2021"]
[White "Moroni, Luca Jr"]
[Black "Hasangatin, Ramil"]
[WhiteFideId "865834"]
[BlackFideId "4122160"]
[WhiteElo "2491"]
[BlackElo "2375"]
[Result "1-0"]
[Round "09"]
[TimeControl "180+1"]
[Date "2021.11.09"]
[WhiteClock "0:00:19"]
[BlackClock "0:00:08"]

1. d4 Nf6 2. c4 d6 3. Nf3 g6 4. g3 Bg7 5. Bg2 c6 6. O-O O-O 7. b3 Bf5 8. Bb2 Qd7 9. Re1 Re8 10. Nbd2 Ne4 11. Nxe4 Bxe4 12. Qd2 Qd8 13. Bh3 Bxf3 14. exf3 d5 15. f4 e6 16. Bg2 Nd7 17. h4 Nf6 18. Bf3 h5 19. c5 b5 20. a4 a6 21. Bc3 Qb8 22. Ba5 Qb7 23. Kg2 Kh7 24. Qd3 Ng8 25. Bxh5 Nh6 26. Bd1 Nf5 27. Bc3 Bf6 28. h5 Kg7 29. hxg6 fxg6 30. Bg4 Kf7 31. Bxf5 exf5 32. axb5 Qxb5 33. Qxb5 axb5 34. Rxe8 Rxa1 35. Rc8 Rc1 36. Rc7+ Be7 37. Bd2 Rb1 38. b4 Rb2 39. Be1 Rb1 40. Kf1 g5 41. fxg5 Kf8 42. f4 Rd1 43. Rxc6 Rxd4 44. Rb6 Rc4 45. Rxb5 d4 46. Ke2 Rc1 47. Bd2 Rg1 48. Kd3 Rxg3+ 49. Kxd4 Ke8 50. Rb7 Kd8 51. c6 Rg2 52. Bc3 Bd6 53. Rd7+ 1-0


[Site "https://www.chess.com"]

[Event "Titled Tuesday Blitz November 9 2021"]
[White "Nagy, Gabor"]
[Black "Petrovskyi, Vadym"]
[WhiteFideId "737119"]
[BlackFideId "14165210"]
[WhiteElo "2534"]
[BlackElo "2377"]
[Result "1-0"]
[Round "09"]
[TimeControl "180+1"]
[Date "2021.11.09"]
[WhiteClock "0:01:40"]
[BlackClock "0:00:03"]

1. e4 c5 2. Nf3 d6 3. d4 cxd4 4. Nxd4 Nf6 5. Nc3 a6 6. Qd3 e5 7. Nf5 Be6 8. Bg5 Bxf5 9. exf5 Be7 10. Bxf6 Bxf6 11. O-O-O O-O 12. h4 Nc6 13. Nd5 Rc8 14. Kb1 e4 15. Qxe4 Re8 16. Qf4 Be5 17. Qd2 Nd4 18. Bd3 Rc5 19. Ne3 Bf4 20. Qb4 Bxe3 21. fxe3 Nc6 22. Qf4 Rce5 23. e4 Qa5 24. c3 b5 25. a3 Qb6 26. f6 a5 27. Qg3 g6 28. h5 g5 29. h6 b4 30. cxb4 axb4 31. a4 b3 32. Rh5 Kh8 33. Rxg5 Rxg5 34. Qxg5 Rg8 35. Qd2 Ne5 36. Bb5 Qd8 37. Qxd6 Qxd6 38. Rxd6 Ng4 39. Bc4 Nxh6 40. Bxb3 Rxg2 41. a5 Rg8 42. a6 Ng4 43. Bxf7 Ra8 44. Bd5 Ra7 1-0


[Site "https://www.chess.com"]

[Event "Titled Tuesday Blitz November 9 2021"]
[White "Nakamura, Hikaru"]
[Black "Jobava, Baadur"]
[WhiteFideId "2016192"]
[BlackFideId "13601520"]
[WhiteElo "2884"]
[BlackElo "2731"]
[Result "1/2-1/2"]
[Round "09"]
[TimeControl "180+1"]
[Date "2021.11.09"]
[WhiteClock "0:00:09"]
[BlackClock "0:00:15"]

1. e4 c6 2. d4 d5 3. e5 Bf5 4. h4 Qc7 5. Bd3 Bxd3 6. Qxd3 e6 7. c3 c5 8. Nd2 Nc6 9. a3 cxd4 10. cxd4 Nge7 11. h5 Nc8 12. Ne2 Nb6 13. b3 Be7 14. h6 g6 15. Nf3 O-O 16. Bf4 Rfc8 17. O-O Qd8 18. Rfc1 Qf8 19. a4 Nb4 20. Qd2 Rxc1+ 21. Rxc1 Rc8 22. Rxc8 Qxc8 23. Bg5 Bf8 24. Nc3 Nd7 25. Nh2 Nc6 26. Nd1 Nb4 27. Ne3 Na6 28. Neg4 Nc7 29. Qc3 Qb8 30. Nf3 Ne8 31. Bd2 Qc7 32. Qd3 a6 33. Kf1 Be7 34. Ke2 Qc6 35. Qc3 Qxc3 36. Bxc3 Kf8 37. Bd2 Nb8 38. Bg5 Nc6 39. Kd3 Ba3 40. Bd2 Kg8 41. Ne1 Be7 42. Nf3 f5 43. exf6 Nxf6 44. Nge5 Nxe5+ 45. Nxe5 Bd6 46. Nf3 Ng4 47. Ng5 Nxf2+ 48. Ke2 Ne4 49. Nxe4 dxe4 50. Ke3 Kf7 51. Kxe4 Ke7 52. d5 Kd7 53. Kd4 Bf8 54. Ke5 exd5 55. Kxd5 Bd6 56. Be3 Bc7 57. b4 Bd6 58. b5 axb5 59. axb5 Bc7 60. Bd4 Bf4 61. Bg7 Be3 62. Ke5 Ke7 63. Bf6+ Kd7 64. Bg7 Ke7 65. g4 Bc1 66. Kd5 Kd7 67. Ke5 Ke7 68. Bf6+ Kf7 69. Bd8 Bxh6 70. Bh4 Be3 71. Bd8 b6 72. Ke4 Bc5 73. Ke5 Ke8 74. Bh4 Kf7 75. Bd8 h6 76. Kd5 h5 77. gxh5 gxh5 78. Kc6 Ke6 79. Bxb6 Bxb6 80. Kxb6 h4 81. Ka7 h3 82. b6 h2 83. b7 h1=Q 84. b8=Q Qa1+ 85. Kb7 Qb2+ 86. Ka8 Qa3+ 87. Qa7 Qxa7+ 88. Kxa7 1/2-1/2


[Site "https://www.chess.com"]